Map: Dusk Towers

Players

Guru

  • Race: Zerg Zerg
  • League: Grandmaster

dTefel (Tefel) - Winner!

  • Race: Zerg Zerg
  • League: Grandmaster

Event: Corsair Cup 14

VOD

Have the link to the VOD?

Description

Time

  • Played on: March 21, 2016, 2:24 p.m.
  • Length: 17:00

All games in this series

Show
View Real Time Build Order
Export as new Build Order

Guru Zerg 

Build Orders: Hatch First, Lurkers 

Get SALT Encoding   

  12  0:01  Drone  
  13  0:12  Overlord  
  13  0:17  Drone  
  14  0:30  Drone  
  14  0:31  Drone  
  14  0:35  Drone  
  17  0:51  Hatchery  
  17  0:54  Drone  
  17  1:07  Spawning Pool  
  17  1:09  Extractor  
  15  1:12  Drone  
  15  1:15  Drone  
  17  1:20  Drone  
  18  1:28  Drone  
  19  1:38  Overlord  
  19  1:54  Zergling x2, Queen  
  22  2:03  Queen  
  22  2:04  Drone  
  22  2:05  Drone  
  26  2:10  Metabolic Boost  
  26  2:12  Drone  
  26  2:14  Drone  
  28  2:22  Drone  
  29  2:30  Baneling Nest  
  29  2:33  Drone x2  
  30  2:42  Drone  
  31  2:47  Hatchery  
  30  2:54  Overlord  
  30  2:56  Drone  
  31  3:01  Drone  
  31  3:03  Drone x3  
  35  3:06  Drone  
  35  3:12  Zergling x2  
  37  3:14  Drone x3  
  40  3:21  Queen  
  40  3:26  Overlord  
  42  3:31  Drone  
  42  3:33  Extractor  
  42  3:36  Drone  
  42  3:37  Drone  
  44  3:42  Overlord  
  44  3:44  Drone  
  44  3:45  Drone  
  44  3:47  Evolution Chamber  
  45  3:49  Roach Warren, Drone  
  45  3:50  Drone  
  45  3:52  Baneling  
  45  3:53  Drone  
  45  3:55  Drone  
  48  3:59  Overlord  
  48  4:03  Drone x3  
  48  4:05  Drone  
  51  4:12  Lair  
  51  4:14  Drone x2  
  53  4:17  Zerg Missile Weapons Level 1  
  53  4:19  Drone  
  53  4:21  Drone x2  
  56  4:25  Drone x2  
  56  4:30  Drone x2  
  60  4:33  Roach x2  
  60  4:34  Roach  
  60  4:37  Roach  
  68  4:42  Extractor  
  68  4:43  Overlord  
  67  4:46  Roach  
  67  4:47  Roach x2  
  67  4:49  Drone  
  67  4:52  Overlord  
  73  4:56  Drone  
  74  5:01  Hatchery, Overlord  
  74  5:03  Drone x2  
  74  5:05  Drone  
  76  5:08  Drone  
  76  5:09  Extractor, Drone x2  
  76  5:10  Glial Reconstitution  
  76  5:11  Drone  
  76  5:13  Overlord  
  79  5:17  Drone x2  
  79  5:18  Roach  
  79  5:21  Roach x2  
  87  5:26  Overlord  
  87  5:33  Extractor, Drone x3  
  87  5:35  Overlord  
  89  5:39  Ravager  
  89  5:40  Ravager x2  
  92  5:43  Overlord  
  92  5:46  Drone  
  92  5:48  Overlord  
  93  5:51  Roach x4  
  93  5:52  Roach x2  
  107  5:57  Roach x2  
  107  5:59  Overlord  
  107  6:01  Overlord  
  107  6:04  Roach x4  
  115  6:07  Roach  
  115  6:09  Roach  
  120  6:12  Queen  
  120  6:13  Roach  
  120  6:14  Roach x2  
  120  6:17  Overlord  
  128  6:19  Roach  
  128  6:22  Zergling x4  
  128  6:23  Zergling x2  
  133  6:30  Zerg Missile Weapons Level 2  
  133  6:32  Extractor, Drone  
  134  6:33  Drone x3  
  136  6:41  Drone  
  136  6:42  Roach  
  136  6:43  Roach x3  
  136  6:44  Hydralisk Den, Roach  
  136  6:46  Roach  
  148  6:50  Roach  
  148  6:53  Overlord  
  148  6:54  Roach x2  
  154  6:55  Roach x2  
  154  6:58  Roach x2  
  161  7:02  Roach x2  
  161  7:04  Roach  
  161  7:07  Roach  
  167  7:11  Ravager  
  167  7:12  Overlord  
  167  7:14  Overlord  
  167  7:15  Overlord  
  168  7:30  Lurker Den  
  168  7:32  Roach  
  168  7:33  Roach x8  
  168  7:35  Overlord  
  186  7:40  Roach x3  
  192  7:59  Hydralisk x4  
  200  8:18  Hatchery  
  199  8:25  Roach x2  
  199  8:30  Roach x3  
  199  8:35  Drone  
  199  8:40  Roach x2  
  200  8:42  Roach  
  200  8:43  Roach  
  200  8:45  Roach  
  200  8:46  Roach x2  
  196  8:54  Roach  
  194  8:56  Lurker x2  
  194  8:58  Roach x2  
  190  9:03  Roach x2  
  190  9:04  Roach  
  190  9:05  Roach x3  
  176  9:17  Hydralisk x2  
  176  9:18  Hydralisk x7  
  176  9:19  Hydralisk  
  196  9:28  Drone x2  
  196  9:32  Overseer  
  196  9:33  Overseer  
  196  9:42  Roach  
  196  9:43  Roach x3  
  200  9:48  Lurker x2  
  198  9:54  Lurker  
  198  9:55  Lurker  
  198  10:01  Roach  
  198  10:04  Zerg Ground Armor Level 1  
  150  10:15  Roach  
  150  10:16  Roach x15  
  150  10:18  Roach  
  169  10:23  Hydralisk  
  169  10:24  Hydralisk  
  169  10:28  Roach x2  
  169  10:29  Roach  
  169  10:30  Roach  
  169  10:33  Roach x2  
  169  10:35  Roach  
  183  10:38  Roach  
  183  10:39  Roach  
  183  10:40  Roach  
  177  10:43  Roach x2  
  177  10:44  Roach  
  162  11:01  Roach  
  158  11:09  Extractor  
  158  11:11  Extractor, Drone  
  148  11:12  Drone x5  
  148  11:25  Roach x5  
  144  11:26  Roach x4  
  144  11:30  Infestation Pit  
  147  11:33  Lurker x4  
  147  11:37  Pneumatized Carapace  
  151  11:40  Hydralisk  
  151  11:44  Hydralisk x2  
  157  11:47  Drone  
  157  11:48  Roach x3  
  157  11:49  Roach  
  157  11:50  Roach  
  157  11:52  Roach  
  170  11:55  Roach  
  170  11:56  Roach  
  170  12:00  Roach  
  170  12:01  Roach x3  
  182  12:04  Hydralisk  
  184  12:15  Roach x3  
  188  12:19  Roach  
  188  12:20  Roach x5  
  198  12:32  Roach  
  198  12:35  Roach x2  
  198  12:38  Hydralisk  
  200  12:51  Roach x9  
  190  12:53  Roach  
  190  12:55  Overlord x2  
  190  12:57  Overlord  
  192  13:05  Overlord  
  173  13:16  Hydralisk x3  
  173  13:17  Hydralisk x2  
  173  13:19  Roach x3  
  155  13:20  Hydralisk x2  
  155  13:26  Hydralisk  
  138  13:30  Hydralisk  
  138  13:33  Queen x2  
  138  13:34  Hydralisk x3  
  116  13:41  Roach  
  110  13:43  Roach  
  110  13:48  Roach  
  109  13:51  Roach  
  109  13:54  Roach  
  104  13:56  Roach  
  104  13:57  Lurker  
  104  13:59  Overseer  
  104  14:02  Roach  
  103  14:04  Roach  
  103  14:08  Roach  
  96  14:13  Roach  
  96  14:16  Roach  
  74  14:19  Roach  
  74  14:23  Ravager  
  73  14:24  Roach x2  
  69  14:31  Roach  
  69  14:35  Ravager x2  
  69  14:37  Roach  
  70  14:41  Roach  
  70  14:45  Ravager  
  71  14:46  Ravager  
Show
View Real Time Build Order
Export as new Build Order

dTefel Zerg - Winner!

Build Orders: 3 Hatch before Pool, Lurkers 

Get SALT Encoding   

  12  0:00  Drone  
  13  0:08  Drone  
  14  0:17  Overlord  
  14  0:22  Extractor  
  14  0:23  Drone  
  15  0:35  Drone x2  
  17  0:51  Hatchery  
  17  0:53  Drone  
  17  0:57  Drone  
  18  1:17  Hatchery  
  17  1:24  Extractor  
  16  1:31  Spawning Pool  
  15  1:34  Drone  
  15  1:37  Drone  
  17  1:41  Drone  
  17  1:46  Drone  
  19  1:56  Drone  
  20  2:04  Drone  
  21  2:15  Drone  
  22  2:17  Queen x2  
  26  2:24  Metabolic Boost  
  26  2:25  Drone  
  26  2:28  Zergling x2  
  29  2:30  Drone  
  29  2:35  Drone  
  30  2:37  Overlord  
  30  2:40  Drone  
  31  2:46  Baneling Nest  
  31  2:48  Drone  
  31  2:51  Drone  
  31  2:53  Drone  
  31  2:57  Drone  
  34  2:59  Drone  
  34  3:03  Drone x2  
  34  3:05  Drone  
  38  3:08  Drone  
  38  3:11  Overlord  
  39  3:17  Queen  
  39  3:19  Zergling x2  
  42  3:30  Drone x6  
  42  3:32  Baneling  
  42  3:33  Drone  
  49  3:35  Overlord  
  49  3:39  Extractor, Drone  
  49  3:42  Drone, Evolution Chamber  
  49  3:45  Drone  
  50  3:50  Lair  
  50  3:52  Overlord  
  50  3:56  Drone x2  
  50  3:57  Drone  
  50  3:58  Drone  
  50  4:01  Drone  
  55  4:03  Drone  
  55  4:04  Drone x2  
  55  4:07  Zerg Missile Weapons Level 1  
  58  4:10  Drone x2  
  58  4:11  Drone  
  58  4:14  Overlord  
  60  4:18  Roach Warren  
  60  4:19  Drone  
  60  4:20  Drone  
  60  4:23  Drone x2  
  63  4:26  Zergling x2  
  63  4:27  Extractor  
  63  4:29  Drone x2  
  65  4:31  Extractor  
  65  4:32  Extractor, Overlord  
  65  4:35  Drone x2  
  65  4:39  Drone  
  65  4:42  Drone  
  65  4:43  Overlord  
  67  4:49  Overlord  
  67  4:50  Drone  
  67  4:51  Drone x2  
  67  4:52  Drone  
  70  4:54  Overlord  
  70  4:55  Hatchery  
  70  4:58  Roach x2  
  70  4:59  Overlord  
  73  5:02  Extractor, Drone  
  73  5:03  Drone  
  73  5:04  Glial Reconstitution  
  74  5:08  Roach  
  74  5:12  Drone x3  
  74  5:13  Overlord  
  79  5:14  Roach  
  79  5:17  Roach  
  79  5:18  Roach  
  79  5:20  Roach  
  87  5:27  Hydralisk Den  
  87  5:28  Roach x4  
  94  5:31  Roach x2  
  94  5:33  Roach  
  94  5:35  Roach  
  102  5:36  Roach  
  102  5:39  Roach  
  102  5:40  Roach  
  102  5:42  Roach  
  110  5:46  Roach x2  
  110  5:48  Overlord x2  
  114  5:59  Drone x3, Muscular Augments  
  114  6:01  Drone  
  118  6:08  Overlord  
  118  6:10  Overlord, Drone, Roach  
  118  6:11  Extractor, Overlord, Roach  
  123  6:13  Zerg Missile Weapons Level 2  
  123  6:16  Drone x2  
  123  6:17  Hydralisk x2  
  127  6:20  Overseer  
  127  6:21  Hydralisk  
  127  6:23  Hydralisk  
  131  6:25  Hydralisk  
  131  6:27  Hydralisk  
  131  6:30  Hydralisk  
  131  6:31  Hydralisk  
  139  6:35  Hydralisk x2  
  139  6:36  Overlord  
  139  6:37  Hydralisk  
  139  6:39  Hydralisk  
  145  6:41  Hydralisk  
  145  6:44  Hydralisk  
  145  6:46  Drone  
  152  6:47  Overlord  
  152  6:50  Drone  
  153  6:55  Roach x3  
  153  6:59  Overlord  
  153  7:00  Roach x4  
  167  7:08  Roach x3  
  173  7:09  Roach  
  173  7:13  Overlord  
  173  7:14  Lurker Den  
  175  7:16  Drone  
  175  7:17  Extractor  
  175  7:18  Roach  
  175  7:19  Roach x3  
  183  7:30  Roach  
  183  7:31  Roach x2  
  183  7:32  Roach x3  
  183  7:35  Overlord  
  191  7:43  Overlord  
  191  7:54  Overlord  
  191  7:57  Overseer  
  191  8:04  Hydralisk  
  191  8:05  Hydralisk x3  
  197  8:20  Hydralisk x2  
  199  8:29  Zerg Ground Armor Level 1  
  199  8:32  Zergling x2  
  200  8:40  Roach  
  198  8:41  Roach  
  200  8:52  Lurker x2  
  190  9:05  Lurker x3  
  190  9:06  Hydralisk, Lurker x5  
  194  9:12  Hydralisk x2  
  194  9:13  Hydralisk x4  
  194  9:14  Hydralisk x2  
  194  9:16  Hydralisk x5  
  188  9:18  Roach x2  
  188  9:19  Lurker  
  199  9:37  Overlord  
  199  9:49  Roach  
  199  9:52  Hydralisk x3  
  197  10:00  Hydralisk  
  197  10:09  Roach x3  
  197  10:12  Roach x2  
  179  10:15  Roach x2  
  179  10:16  Roach  
  179  10:18  Roach  
  179  10:19  Hydralisk x4  
  179  10:20  Roach  
  179  10:21  Zergling x4, Roach x6  
  184  10:22  Zergling x2, Roach  
  184  10:24  Queen  
  184  10:28  Roach x2  
  176  10:31  Roach x2  
  175  10:38  Roach  
  175  10:42  Roach x3  
  171  10:43  Queen  
  171  10:48  Roach x2  
  172  10:56  Roach x2  
  172  10:57  Roach  
  172  10:58  Roach x2  
  172  11:00  Lurker x3  
  172  11:01  Lurker, Roach  
  172  11:02  Roach x2  
  172  11:03  Roach x2  
  183  11:05  Hydralisk  
  183  11:09  Drone  
  183  11:10  Overlord  
  174  11:13  Hydralisk  
  174  11:15  Lurker x3  
  174  11:16  Hydralisk  
  160  11:20  Hydralisk x3  
  160  11:22  Hydralisk  
  160  11:23  Hatchery  
  160  11:25  Hydralisk  
  147  11:28  Hydralisk  
  147  11:31  Drone  
  147  11:32  Drone x4, Queen  
  158  11:34  Overlord  
  158  11:41  Hydralisk x3  
  158  11:44  Hydralisk  
  158  11:45  Hydralisk x2  
  170  11:48  Hydralisk  
  170  11:49  Hydralisk  
  170  11:52  Hydralisk  
  176  11:59  Hydralisk x3  
  182  12:01  Hydralisk  
  182  12:04  Overseer  
  182  12:06  Drone  
  182  12:07  Hydralisk  
  187  12:12  Hydralisk x2  
  185  12:15  Hydralisk  
  185  12:16  Hydralisk  
  185  12:19  Hydralisk  
  185  12:21  Hydralisk  
  193  12:24  Hydralisk  
  190  12:30  Hydralisk  
  190  12:32  Hydralisk  
  190  12:35  Hydralisk  
  190  12:36  Hydralisk x2  
  200  12:57  Roach  
  199  13:01  Roach x2  
  199  13:02  Roach x2  
  189  13:06  Roach x2  
  189  13:09  Roach x2  
  189  13:10  Roach x2  
  189  13:12  Roach x5  
  187  13:13  Roach x4  
  187  13:14  Roach  
  187  13:16  Roach  
  187  13:19  Roach  
  155  13:22  Roach  
  155  13:25  Roach  
  147  13:28  Roach  
  147  13:32  Roach  
  147  13:33  Overseer  
  135  13:36  Roach  
  135  13:39  Roach  
  128  13:49  Roach x2  
  128  13:52  Roach x2  
  128  13:53  Roach  
  124  13:57  Roach  
  124  14:00  Overseer  
  121  14:02  Roach  
  121  14:08  Roach  
  119  14:10  Roach  
  119  14:14  Roach  
  119  14:15  Zergling x2  
  104  14:17  Overseer  
  104  14:20  Roach  
  102  14:24  Roach  
  102  14:26  Roach  
  102  14:30  Roach  
  100  14:33  Roach  
  100  14:36  Overseer  
  101  14:41  Ravager x2  
  101  14:42  Roach  
  98  14:46  Roach  
  95  14:56  Roach  
  95  15:05  Lurker  
  95  15:07  Lurker  
  97  15:27  Roach x2  
  101  16:00  Hydralisk  
  103  16:06  Hydralisk  
  105  16:17  Hydralisk  
Tags
 
Add a new tag
Caveats
  • Supply blocks, unpowered buildings, or Contaminate may cause inaccurate times.
  • Supply counts are checked every 10 seconds.